[Event "Titled Tuesday Blitz April 18 Early 2023"]
[White "Butolo, Alexandru-Mircea"]
[Black "Makhmudov, Shukhrat"]
[WhiteFideId "1261649"]
[BlackFideId "14200775"]
[WhiteElo "1861"]
[BlackElo "2135"]
[Result "0-1"]
[Round "08"]
[TimeControl "180+2"]
[Date "2023.04.18"]
[WhiteClock "0:01:16"]
[BlackClock "0:00:56"]

1. e4 e5 2. Nf3 Nc6 3. d4 exd4 4. Nxd4 Nf6 5. Nxc6 bxc6 6. e5 Qe7 7. Qe2 Nd5 8. h4 a5 9. c4 Ba6 10. Rh3 Nb6 11. Nd2 a4 12. Qe4 d5 13. exd6 Qxe4+ 14. Nxe4 cxd6 15. Bf4 Bxc4 16. Re3 O-O-O 17. Bxc4 Nxc4 18. Rc3 d5 19. b3 Bb4 20. O-O-O Bxc3 21. Nxc3 axb3 22. a3 0-1


[Site "https://www.chess.com"]

[Event "Titled Tuesday Blitz April 18 Early 2023"]
[White "Shapiro, Viktor"]
[Black "Hartikainen, Jarmo"]
[WhiteFideId "4175700"]
[BlackFideId "503134"]
[WhiteElo "2152"]
[BlackElo "2114"]
[Result "0-1"]
[Round "08"]
[TimeControl "180+2"]
[Date "2023.04.18"]
[WhiteClock "0:01:35"]
[BlackClock "0:00:48"]

1. c4 Nf6 2. Nc3 c5 3. Nf3 Nc6 4. g3 g6 5. Bg2 Bg7 6. O-O O-O 7. d3 d6 8. a3 Bg4 9. Bd2 Qd7 10. Rb1 a5 11. h4 Bh3 12. Ne1 Bxg2 13. Kxg2 d5 14. b3 d4 15. Nb5 e5 16. Bg5 h6 17. Bxf6 Bxf6 18. Nf3 Bg7 19. Nd2 f5 20. h5 g5 21. g4 Rae8 22. Rg1 e4 23. Qc2 e3 24. fxe3 dxe3 25. Nf3 fxg4 26. Nh2 Rf2+ 27. Kh1 Nd4 28. Nxd4 Bxd4 29. Nxg4 Qc6+ 0-1


[Site "https://www.chess.com"]

[Event "Titled Tuesday Blitz April 18 Early 2023"]
[White "Fernandez Barrera, Victor"]
[Black "Aanna12"]
[WhiteFideId "2261529"]
[WhiteElo "2211"]
[BlackElo "2192"]
[Result "0-1"]
[Round "08"]
[TimeControl "180+2"]
[Date "2023.04.18"]
[WhiteClock "0:00:22"]
[BlackClock "0:00:11"]

1. g3 c5 2. b3 Nf6 3. Bb2 d6 4. Bg2 e5 5. e3 Nc6 6. Ne2 Be7 7. O-O O-O 8. d4 cxd4 9. exd4 Bf5 10. c4 Nb4 11. Na3 Nd3 12. Bc3 e4 13. Nc2 d5 14. Ne3 Bg6 15. Qd2 h5 16. Nxd5 Nxd5 17. cxd5 Qxd5 18. Nf4 Nxf4 19. Qxf4 Bd6 20. Qe3 Rfe8 21. Bb2 Rac8 22. Rac1 h4 23. Bh3 Rxc1 24. Rxc1 hxg3 25. hxg3 Qh5 26. Bg2 Qg4 27. d5 f5 28. Qd4 Be5 29. Qd2 Bxb2 30. Qxb2 f4 31. Rc7 Bf7 32. d6 fxg3 33. d7 gxf2+ 34. Qxf2 Rd8 35. Qd4 Be6 36. Qxe4 Qxe4 37. Bxe4 Rxd7 38. Rxb7 Rxb7 39. Bxb7 Kf7 40. Kf2 Kf6 41. Ke3 Ke5 42. Bf3 g5 43. Kd3 Kf4 44. Bd1 g4 45. Ke2 g3 46. Kf1 Bd5 47. Be2 Ke3 48. Ba6 Kd2 49. b4 Kc3 50. b5 Kb4 51. Kg1 Ka5 52. Kf1 Kb4 53. Kg1 Ka3 54. Kf1 Kxa2 55. Kg1 Ka3 56. Kf1 Kb4 57. Kg1 Ka5 58. Kf1 Bc4+ 59. Kg2 Bxb5 60. Bxb5 Kxb5 61. Kxg3 Kb4 62. Kf2 Kb3 63. Ke1 a5 64. Kd1 Kb2 65. Kd2 a4 66. Kd3 a3 67. Kc4 a2 68. Kb4 a1=Q 69. Kc4 Qa3 0-1


[Site "https://www.chess.com"]

[Event "Titled Tuesday Blitz April 18 Early 2023"]
[White "rionelG"]
[Black "Yanayt, Eugene"]
[BlackFideId "2020165"]
[WhiteElo "2200"]
[BlackElo "2083"]
[Result "0-1"]
[Round "08"]
[TimeControl "180+2"]
[Date "2023.04.18"]
[WhiteClock "0:00:01"]
[BlackClock "0:00:25"]

1. e4 c5 2. g3 g6 3. Bg2 Bg7 4. Ne2 Nc6 5. c3 Nf6 6. d4 d5 7. e5 Nd7 8. Bxd5 Ndxe5 9. dxe5 Nxe5 10. O-O Bg4 11. f3 Bxf3 12. Bxf3 Nxf3+ 13. Kg2 Ne5 14. Qxd8+ Rxd8 15. Nd2 O-O 16. Nf3 Nd3 17. Be3 b6 18. b3 e5 19. Rad1 Rd7 20. c4 Rfd8 21. Kg1 h6 22. Rd2 e4 23. Nh4 Bd4 24. Nxd4 cxd4 25. Bxh6 Ne5 26. Bf4 e3 27. Rg2 Nd3 28. Bg5 Re8 29. Nf3 Nc5 30. Rd1 e2 31. Rd2 e1=N 32. Nxe1 Rxe1+ 33. Kf2 Re5 34. Bf4 Ne4+ 35. Kg1 Nxd2 36. Bxe5 Nf3+ 37. Kf2 Nxe5 38. Ke2 d3+ 39. Kd2 Nf3+ 40. Kd1 d2 41. Rf2 Rd3 42. Rf1 Nd4 43. Rf2 Nf3 44. h4 Kg7 45. Rf1 Kh6 46. Kc2 Ne1+ 47. Kd1 Ng2 48. Ke2 Ne3 49. Kxd3 Nxf1 50. Ke2 f5 51. b4 Kg7 52. a4 Kf7 0-1


[Site "https://www.chess.com"]

[Event "Titled Tuesday Blitz April 18 Early 2023"]
[White "dDobravcan"]
[Black "Barwinska, Ewa"]
[BlackFideId "21833761"]
[WhiteElo "2162"]
[BlackElo "1908"]
[Result "0-1"]
[Round "08"]
[TimeControl "180+2"]
[Date "2023.04.18"]
[WhiteClock "0:00:01"]
[BlackClock "0:00:06"]

1. e4 c5 2. b4 cxb4 3. Bb2 Nc6 4. a3 d5 5. exd5 Qxd5 6. d4 Nf6 7. c4 bxc3 8. Nxc3 Qxd4 9. Nb5 Qe4+ 10. Be2 Qf4 11. Nf3 Bd7 12. g3 Qb8 13. O-O a6 14. Nbd4 e6 15. Rb1 Be7 16. Nxc6 Bxc6 17. Ne5 Qd6 18. Nxc6 Qxd1 19. Rfxd1 bxc6 20. Bf3 Rc8 21. Be5 O-O 22. Rb7 Bxa3 23. Ra7 c5 24. Rxa6 Bb4 25. Kg2 h6 26. h4 Rfd8 27. Rb1 Nd5 28. g4 f6 29. Ba1 Nc3 30. Bxc3 Bxc3 31. Be4 Re8 32. Bg6 Re7 33. h5 Bd4 34. Re1 c4 35. Rexe6 Rxe6 0-1


[Site "https://www.chess.com"]

[Event "Titled Tuesday Blitz April 18 Early 2023"]
[White "Inepton_Fermion"]
[Black "Kiseljova, Marya"]
[BlackFideId "4155009"]
[WhiteElo "2247"]
[BlackElo "1851"]
[Result "1-0"]
[Round "08"]
[TimeControl "180+2"]
[Date "2023.04.18"]
[WhiteClock "0:00:08"]
[BlackClock "0:00:08"]

1. e4 c5 2. Nf3 Nc6 3. d4 cxd4 4. Nxd4 g6 5. c4 Bg7 6. Be3 Nf6 7. Nc3 d6 8. h3 O-O 9. Be2 Bd7 10. O-O Nxd4 11. Bxd4 Bc6 12. Qc2 a5 13. Rad1 Nd7 14. Bxg7 Kxg7 15. Kh1 Nc5 16. e5 Qc8 17. Bg4 Qc7 18. exd6 exd6 19. Nd5 Bxd5 20. Rxd5 Ne6 21. Rfd1 Rad8 22. Qc3+ Kg8 23. Rxa5 Nc5 24. Bf3 b6 25. Ra3 Rfe8 26. Qd4 Ne6 27. Qh4 Rc8 28. Bd5 Ng7 29. Rf3 Nf5 30. Qf6 Qe7 31. Qxe7 Rxe7 32. Rb3 Re2 33. Kg1 Rb8 34. a4 Ree8 35. Rb5 Kg7 36. b3 Kf6 37. g4 Ne7 38. Bf3 h6 39. Rxd6+ Kg7 40. Rdxb6 Rbd8 41. Rb7 Rd3 42. Kg2 h5 43. gxh5 gxh5 44. Bxh5 Nc8 45. Rxf7+ Kh6 46. Rf6+ Kh7 47. Bxe8 Ne7 48. Rb7 Kg7 49. Re6 Kf8 50. Rbxe7 Rd4 51. Rf7+ Kg8 52. Rg6+ Kh8 53. Rf5 Rh4 54. a5 Rh7 55. a6 Rh4 56. a7 Rh7 57. a8=Q Rg7 58. Rxg7 Kxg7 59. Qb7+ Kh6 60. Qc6+ Kh7 61. Rf7+ Kg8 62. Qg6+ Kh8 63. Qg7# 1-0


[Site "https://www.chess.com"]

[Event "Titled Tuesday Blitz April 18 Early 2023"]
[White "Kohler, Aran"]
[Black "Steenbekkers, Franck"]
[WhiteFideId "1002856"]
[BlackFideId "1004220"]
[WhiteElo "2246"]
[BlackElo "2093"]
[Result "0-1"]
[Round "08"]
[TimeControl "180+2"]
[Date "2023.04.18"]
[WhiteClock "0:00:01"]
[BlackClock "0:00:45"]

1. d4 Nf6 2. Nf3 g6 3. Bg5 Bg7 4. Nbd2 d6 5. e3 O-O 6. Bd3 b6 7. c3 c5 8. h4 h5 9. Qb3 Ba6 10. Bxg6 c4 11. Nxc4 Bxc4 12. Qxc4 d5 13. Qd3 fxg6 14. Qxg6 Qe8 15. Qf5 Ng4 16. Qxd5+ Qf7 17. Qxa8 Nd7 18. Qe4 e5 19. dxe5 Ndxe5 20. O-O Bf6 21. Nxe5 Bxe5 22. f4 Bb8 23. Rad1 Re8 24. Qd5 Nxe3 25. Qxf7+ Kxf7 26. Rd7+ Ke6 27. Rdd1 Nxf1 28. Kxf1 Kf5 29. Kf2 Bxf4 30. Bxf4 Kxf4 31. Rd4+ Kf5 32. Kf3 Re1 33. Rd5+ Kg6 34. a3 Rf1+ 35. Ke2 Rg1 36. Kf2 Rb1 37. Rd2 Rh1 38. g3 Kf5 39. Rd5+ Kg4 40. Rg5+ Kh3 41. Rxh5 Rh2+ 42. Kf3 Rxb2 43. Rh8 Rb3 44. g4 Rxc3+ 45. Kf4 Rc4+ 46. Kf5 Rc5+ 47. Kg6 Kxg4 48. h5 Rg5+ 49. Kf6 Rxh5 50. Rg8+ Kf4 51. Rg7 Ra5 52. Ke6 Rxa3 53. Kd5 a5 0-1


[Site "https://www.chess.com"]

[Event "Titled Tuesday Blitz April 18 Early 2023"]
[White "Quirke, Jeffrey"]
[Black "Vargas, Mauricio"]
[WhiteFideId "2013029"]
[BlackFideId "4404572"]
[WhiteElo "2234"]
[BlackElo "1998"]
[Result "1-0"]
[Round "08"]
[TimeControl "180+2"]
[Date "2023.04.18"]
[WhiteClock "0:00:52"]
[BlackClock "0:01:30"]

1. e4 d5 2. exd5 Qxd5 3. Nc3 Qa5 4. Nf3 c6 5. Bc4 Nf6 6. d3 Bg4 7. h3 Bh5 8. g4 Bg6 9. Bd2 Qc7 10. Qe2 e6 11. Ne5 Bd6 12. f4 Bxe5 13. fxe5 Nd5 14. h4 h6 15. h5 Bh7 16. O-O-O O-O 17. g5 hxg5 18. Bxg5 Nxc3 19. bxc3 Nd7 20. d4 a5 21. Rdg1 b5 22. Bd3 c5 23. Be7 Rfb8 24. Rxg7+ Kxg7 25. Rg1+ Kh8 26. Bxh7 Kxh7 27. Qe4+ Kh8 28. Qf4 Kh7 29. Qxf7+ Kh6 30. Qg6# 1-0


[Site "https://www.chess.com"]

[Event "Titled Tuesday Blitz April 18 Early 2023"]
[White "Larina, Maria"]
[Black "Mihajlovskij"]
[WhiteFideId "24113182"]
[WhiteElo "1848"]
[BlackElo "2002"]
[Result "0-1"]
[Round "08"]
[TimeControl "180+2"]
[Date "2023.04.18"]
[WhiteClock "0:00:09"]
[BlackClock "0:02:20"]

1. e4 d5 2. exd5 Qxd5 3. Nc3 Qe5+ 4. Be2 Bg4 5. d4 Bxe2 6. Ngxe2 Qa5 7. O-O Nf6 8. a3 Nc6 9. Bd2 O-O-O 10. b4 Qh5 11. b5 Nxd4 12. Nxd4 Qxd1 13. Rfxd1 Rxd4 14. Be3 Rxd1+ 15. Rxd1 b6 16. a4 e6 17. a5 Bd6 18. axb6 axb6 19. f3 Rd8 20. Rd3 Kb7 21. g3 Ra8 22. Ne4 Nxe4 23. fxe4 Ra4 24. Bd4 e5 25. Bf2 Rxe4 26. Re3 Rb4 0-1


[Site "https://www.chess.com"]

[Event "Titled Tuesday Blitz April 18 Early 2023"]
[White "Clawitter, Craig"]
[Black "Chincholimath, Halsagar"]
[WhiteFideId "2023105"]
[BlackFideId "5022487"]
[WhiteElo "2233"]
[BlackElo "1737"]
[Result "1-0"]
[Round "08"]
[TimeControl "180+2"]
[Date "2023.04.18"]
[WhiteClock "0:00:21"]
[BlackClock "0:00:21"]

1. e4 e5 2. Nc3 Nf6 3. g3 d5 4. exd5 Nxd5 5. Bg2 Be6 6. Nge2 Bc5 7. O-O O-O 8. d4 exd4 9. Nxd4 Nxc3 10. Nxe6 Nxd1 11. Nxd8 Rxd8 12. Bxb7 Nxf2 13. Bxa8 Ng4+ 14. Kg2 Nd7 15. Bf3 Nge5 16. Bf4 Bd4 17. Rad1 Bxb2 18. Bxe5 Bxe5 19. Bg4 Bd6 20. Bxd7 Rxd7 21. Rfe1 g6 22. Re8+ Kg7 23. Ra8 Re7 24. Kf3 Bc5 25. Rd3 Re1 26. Rc3 Bb6 27. Rd8 Rh1 28. Kg2 Ra1 29. a3 Rc1 30. Rd7 g5 31. Kh3 h5 32. Kg2 g4 33. h3 Re1 34. hxg4 hxg4 35. Rc4 Rg1+ 36. Kh2 Rc1 37. Rxg4+ Kf6 38. Rf4+ Ke6 39. Rfxf7 Rxc2+ 40. Kh3 Bg1 41. Rfe7+ Kf6 42. Rxc7 Rc4 43. Rxc4 Kxe7 44. Kg4 Ke6 45. Kf3 Kf5 46. g4+ Kg5 47. Rc1 Bb6 48. Rc6 Bd4 49. Rc4 Bb6 50. Rb4 Bc5 51. Rb5 Kh4 52. Rxc5 a5 53. Rh5# 1-0


[Site "https://www.chess.com"]

[Event "Titled Tuesday Blitz April 18 Early 2023"]
[White "Kriti Mayur Patel"]
[Black "Barria Santos, Jose Guilherme"]
[WhiteFideId "35061780"]
[BlackFideId "1939300"]
[WhiteElo "1306"]
[BlackElo "2266"]
[Result "1-0"]
[Round "08"]
[TimeControl "180+2"]
[Date "2023.04.18"]
[WhiteClock "0:01:23"]
[BlackClock "0:00:59"]

1. e4 c5 2. d4 cxd4 3. c3 Nf6 4. e5 Nd5 5. Bc4 Nb6 6. Bb3 e6 7. Nf3 d6 8. exd6 Bxd6 9. O-O O-O 10. h3 Nc6 11. Bg5 Be7 12. Bxe7 Qxe7 13. cxd4 Rd8 14. Nc3 Nb4 15. Re1 N6d5 16. Nxd5 Nxd5 17. Rc1 Qd6 18. Ne5 Bd7 19. Nc4 Qf4 20. Qd3 Bc6 21. Bc2 Nf6 22. Bb1 Rxd4 23. Qc2 Qg5 24. Ne3 Be4 25. Qc3 Rdd8 26. Bxe4 Nxe4 27. Qc7 Qb5 28. Nc4 h6 29. Rxe4 Rac8 30. Qf4 Qd5 31. Kh2 b5 32. Ne5 Qxa2 33. Qxf7+ Kh8 34. Rg4 Rg8 35. Rxc8 1-0


[Site "https://www.chess.com"]

[Event "Titled Tuesday Blitz April 18 Early 2023"]
[White "ryutherunner"]
[Black "Sanchez, Robert"]
[BlackFideId "2034360"]
[WhiteElo "2122"]
[BlackElo "1964"]
[Result "1-0"]
[Round "08"]
[TimeControl "180+2"]
[Date "2023.04.18"]
[WhiteClock "0:01:47"]
[BlackClock "0:02:28"]

1. d4 Nf6 2. c4 g6 3. Nc3 Bg7 4. g3 d6 5. Bg2 O-O 6. Be3 Nc6 7. Nf3 e5 8. d5 Ne7 9. Bg5 h6 10. Bxf6 Bxf6 11. e4 Bg7 12. O-O f5 13. Qe2 f4 14. Nd2 g5 15. h3 Ng6 16. g4 Nh4 17. f3 a6 18. b4 c6 19. a3 Bd7 20. Nb3 Ng6 21. Qd3 Rf6 22. Rac1 Rc8 23. Rfd1 Bf8 24. Bf1 Ne7 25. Kf2 cxd5 26. Nxd5 Nxd5 27. Qxd5+ Kg7 28. c5 Be6 29. Qxb7+ Rc7 30. Qb6 Bxb3 31. cxd6 Rc2+ 1-0


[Site "https://www.chess.com"]

[Event "Titled Tuesday Blitz April 18 Early 2023"]
[White "Winkels, Marcel"]
[Black "Prado, Alexandra"]
[WhiteFideId "1003887"]
[BlackFideId "3301346"]
[WhiteElo "1900"]
[BlackElo "1759"]
[Result "0-1"]
[Round "08"]
[TimeControl "180+2"]
[Date "2023.04.18"]
[WhiteClock "0:00:05"]
[BlackClock "0:00:06"]

1. d4 Nf6 2. Nc3 g6 3. Bf4 Bg7 4. e3 O-O 5. h4 h6 6. Nf3 d6 7. Bd3 Nc6 8. Qd2 a6 9. e4 Ng4 10. O-O-O Nxd4 11. Nxd4 Bxd4 12. Bxh6 Nxh6 13. Qxh6 Bg7 14. Qe3 b5 15. h5 gxh5 16. f3 c5 17. Nd5 e6 18. Nf4 Qf6 19. c3 Bh6 20. g3 e5 21. Rxh5 exf4 22. Qg1 fxg3+ 23. Kb1 Re8 24. Qxg3+ Kf8 25. Rdh1 Bf4 26. Qe1 Be6 27. Bc2 Ke7 28. Bb3 Rh8 29. Bxe6 fxe6 30. Rh7+ Rxh7 31. Rxh7+ Kd8 32. Qh1 Rc8 33. Rh8+ Kc7 34. Rxc8+ Kxc8 35. Qh7 Be5 36. Qg8+ Kc7 37. Qa8 Qxf3 38. Qa7+ Kd8 39. Qb6+ Ke7 0-1


[Site "https://www.chess.com"]

[Event "Titled Tuesday Blitz April 18 Early 2023"]
[White "Semenova, Alina"]
[Black "Sandholm, Klas"]
[WhiteFideId "24113875"]
[BlackFideId "510203"]
[WhiteElo "1833"]
[BlackElo "2098"]
[Result "0-1"]
[Round "08"]
[TimeControl "180+2"]
[Date "2023.04.18"]
[WhiteClock "0:00:45"]
[BlackClock "0:00:45"]

1. e4 e5 2. Nf3 d5 3. exd5 e4 4. Qe2 f5 5. Nd4 Nf6 6. Qb5+ c6 7. dxc6 bxc6 8. Qe5+ Qe7 9. Qxe7+ Bxe7 10. Bc4 Bc5 11. Nb3 Bb6 12. O-O Nbd7 13. d4 Nd5 14. c3 O-O 15. h3 Kh8 16. Bg5 h6 17. Bh4 g5 18. Bg3 f4 19. Bh2 N7f6 20. N1d2 Bf5 21. Rfe1 Rfe8 22. a4 a5 23. Re2 Kg7 24. Rae1 Rad8 25. Nf1 Bg6 26. Nbd2 Bc7 27. Ba6 Rb8 28. c4 Nb4 29. Bb5 cxb5 30. axb5 Nd3 31. Rd1 Nxb2 32. Ra1 Nd3 33. Nb3 Ra8 34. c5 Nd5 35. b6 Bd8 36. Rxa5 Rxa5 37. Nxa5 Nxb6 38. cxb6 Bxb6 39. Nc4 Bxd4 40. Nd6 Re6 41. Nb5 Bb6 42. Nd2 Nxf2 43. Rxf2 Bxf2+ 44. Kxf2 e3+ 45. Ke2 exd2+ 46. Kxd2 Rb6 47. Nd4 Rb2+ 48. Ke1 Rxg2 49. Nf3 Be4 50. Kf1 Bxf3 0-1


[Site "https://www.chess.com"]

[Event "Titled Tuesday Blitz April 18 Early 2023"]
[White "Lukovic, Vladimir"]
[Black "Thiel, Thomas"]
[WhiteFideId "942952"]
[BlackFideId "4615964"]
[WhiteElo "2391"]
[BlackElo "2162"]
[Result "1-0"]
[Round "08"]
[TimeControl "180+2"]
[Date "2023.04.18"]
[WhiteClock "0:00:17"]
[BlackClock "0:00:20"]

1. e4 d5 2. exd5 Nf6 3. d4 Nxd5 4. c4 Nb6 5. Nf3 g6 6. Nc3 Bg7 7. c5 Nd5 8. Bc4 Nxc3 9. bxc3 O-O 10. O-O Nc6 11. Re1 Bg4 12. h3 Bxf3 13. Qxf3 Nxd4 14. Qe4 Nc6 15. Bb2 Qd7 16. Bd5 e6 17. Bb3 Qe7 18. Qe3 Rfd8 19. Rac1 Bf8 20. Ba3 b6 21. Ba4 Na5 22. Bb4 Nb7 23. Bc6 bxc5 24. Bxb7 Rab8 25. Bf3 cxb4 26. Qxa7 Qc5 27. Qxc5 Bxc5 28. cxb4 Bxb4 29. Re2 c5 30. a4 Rd4 31. Ra2 Rc8 32. a5 Rd2 33. Rca1 c4 34. Rxd2 Bxd2 35. a6 Bc3 36. Rd1 Bb2 37. Bb7 c3 38. Bxc8 c2 39. Rf1 Bd4 40. Rc1 1-0


[Site "https://www.chess.com"]

[Event "Titled Tuesday Blitz April 18 Early 2023"]
[White "Fabris, Alberto"]
[Black "Santos Flores, Alberto"]
[WhiteFideId "801348"]
[BlackFideId "3601234"]
[WhiteElo "2102"]
[BlackElo "2235"]
[Result "0-1"]
[Round "08"]
[TimeControl "180+2"]
[Date "2023.04.18"]
[WhiteClock "0:00:06"]
[BlackClock "0:01:57"]

1. e4 c5 2. Nf3 Nc6 3. Bb5 g6 4. O-O Bg7 5. Re1 Nf6 6. c3 O-O 7. d4 cxd4 8. cxd4 d5 9. e5 Ne4 10. Nc3 Nxc3 11. bxc3 Bg4 12. h3 Bxf3 13. Qxf3 e6 14. Bf4 Rc8 15. Rac1 a6 16. Bf1 Na5 17. Qe3 Nc4 18. Bxc4 Rxc4 19. Bh6 Qc7 20. Bxg7 Kxg7 21. h4 h5 22. Qf3 Rc8 23. Qf6+ Kg8 24. Re3 Rxd4 25. cxd4 Qxc1+ 26. Kh2 Qc7 27. g4 Qd8 28. gxh5 Qxf6 29. exf6 gxh5 30. Re5 Rc4 31. Rxh5 Rxd4 32. Rg5+ Kf8 33. Rh5 Ke8 34. Rh8+ Kd7 35. Rb8 Rxh4+ 36. Kg3 Rh7 37. Rxb7+ Kc6 38. Ra7 Kb5 39. Rb7+ Kc4 40. Kf4 Kd4 41. Rb4+ Kc5 42. Ra4 Rh5 43. Rxa6 Rf5+ 44. Ke3 Rxf6 45. Ra7 d4+ 46. Ke2 e5 47. Re7 Kd5 48. Rd7+ Ke4 49. Rd8 Ra6 50. f3+ Kf5 51. Kd3 Ra3+ 52. Kc4 Rxa2 0-1


[Site "https://www.chess.com"]

[Event "Titled Tuesday Blitz April 18 Early 2023"]
[White "Kotepalli, Sai Nirupama"]
[Black "Quispe Santacruz, Javier"]
[WhiteFideId "5039444"]
[BlackFideId "3800920"]
[WhiteElo "2316"]
[BlackElo "1875"]
[Result "1-0"]
[Round "08"]
[TimeControl "180+2"]
[Date "2023.04.18"]
[WhiteClock "0:00:07"]
[BlackClock "0:00:02"]

1. e4 c5 2. d3 Nc6 3. Nf3 g6 4. g3 Bg7 5. Bg2 d6 6. O-O Nf6 7. c3 O-O 8. Qe2 Rb8 9. Nbd2 b5 10. a3 b4 11. axb4 cxb4 12. Re1 bxc3 13. bxc3 Qc7 14. d4 e5 15. d5 Ne7 16. c4 Bg4 17. Ba3 Bxf3 18. Bxf3 Nd7 19. Reb1 Nc5 20. Rb5 a6 21. Rxb8 Rxb8 22. Qe3 f5 23. Bxc5 dxc5 24. Rxa6 fxe4 25. Nxe4 Nf5 26. Qa3 Bf8 27. d6 Qd7 28. Nf6+ Kh8 29. Nxd7 Nd4 30. Nxb8 1-0


[Site "https://www.chess.com"]

[Event "Titled Tuesday Blitz April 18 Early 2023"]
[White "Fernandez Hernandez, Gerardo"]
[Black "2good4u734"]
[WhiteFideId "2207400"]
[WhiteElo "2168"]
[BlackElo "2218"]
[Result "1-0"]
[Round "08"]
[TimeControl "180+2"]
[Date "2023.04.18"]
[WhiteClock "0:00:07"]
[BlackClock "0:00:01"]

1. e4 b6 2. d4 Bb7 3. Bd3 e6 4. Nc3 Nf6 5. Nf3 Bb4 6. Qe2 d5 7. e5 Ne4 8. Bd2 Bxc3 9. Bxc3 c5 10. Qe3 cxd4 11. Bxd4 Nd7 12. O-O O-O 13. Bxe4 dxe4 14. Nd2 Qc7 15. Nxe4 Qxc2 16. Nd6 Bd5 17. Rac1 Qg6 18. f3 Rfd8 19. Rc7 f6 20. exf6 Nxf6 21. Nf7 Rdc8 22. Ne5 Qf5 23. Rfc1 Rxc7 24. Rxc7 Qb1+ 25. Rc1 Qxa2 26. h3 Rf8 27. Rc7 Qb1+ 28. Kh2 Qf5 29. g4 Qb1 30. Qg5 g6 31. Qh6 Qe1 32. Qg7# 1-0


[Site "https://www.chess.com"]

[Event "Titled Tuesday Blitz April 18 Early 2023"]
[White "Puranik, Abhimanyu"]
[Black "Le, Tuan Minh"]
[WhiteFideId "5061245"]
[BlackFideId "12401153"]
[WhiteElo "2477"]
[BlackElo "2566"]
[Result "0-1"]
[Round "09"]
[TimeControl "180+2"]
[Date "2023.04.18"]
[WhiteClock "0:00:03"]
[BlackClock "0:00:25"]

1. c4 c6 2. Nf3 d5 3. e3 Nf6 4. Nc3 a6 5. Qc2 b5 6. b3 Bg4 7. Be2 e6 8. h3 Bf5 9. d3 h6 10. O-O Be7 11. e4 Bh7 12. cxd5 cxd5 13. exd5 Nxd5 14. Nxd5 Qxd5 15. Bb2 O-O 16. Ne5 Qd6 17. Rac1 Nd7 18. Qc7 Nxe5 19. Bxe5 Qxc7 20. Rxc7 Ba3 21. d4 Rfd8 22. Rd1 Be4 23. Bh5 g6 24. Bg4 Bd6 25. Bxd6 Rxd6 26. Re7 Kf8 27. Rc7 Rad8 28. Rdc1 Rxd4 29. Ra7 R8d7 30. Rxa6 b4 31. Be2 Rd2 32. Bc4 g5 33. Bb5 Rb7 34. Bf1 Kg7 35. f3 Bg6 36. Bc4 Kf6 37. a3 bxa3 38. Rxa3 Rbd7 39. Ra6 Rb2 40. Re1 Rdd2 41. Bxe6 Rxg2+ 42. Kh1 Rh2+ 43. Kg1 Rbg2+ 44. Kf1 Bd3+ 0-1


[Site "https://www.chess.com"]

[Event "Titled Tuesday Blitz April 18 Early 2023"]
[White "Rodshtein, Maxim"]
[Black "Gupta, Abhijeet"]
[WhiteFideId "2806851"]
[BlackFideId "5010608"]
[WhiteElo "2555"]
[BlackElo "2528"]
[Result "0-1"]
[Round "09"]
[TimeControl "180+2"]
[Date "2023.04.18"]
[WhiteClock "0:00:03"]
[BlackClock "0:01:13"]

1. b3 Nf6 2. Bb2 g6 3. c4 Bg7 4. g3 O-O 5. Bg2 d6 6. d4 Na6 7. Nf3 e5 8. dxe5 dxe5 9. Qxd8 Rxd8 10. Bxe5 Nb4 11. Na3 Ne4 12. Bxg7 Kxg7 13. O-O Nc3 14. Rfe1 c6 15. e3 a5 16. Nd4 a4 17. Nac2 Nxc2 18. Nxc2 Rd2 19. Nb4 Bf5 20. e4 Be6 21. Bf3 Rb2 22. Re3 axb3 23. Rxc3 bxa2 24. Nc2 b5 25. cxb5 cxb5 26. e5 Ra4 27. Kg2 b4 28. Rc7 b3 0-1


[Site "https://www.chess.com"]

[Event "Titled Tuesday Blitz April 18 Early 2023"]
[White "Kovalenko, Igor"]
[Black "Bocharov, Dmitry"]
[WhiteFideId "14117908"]
[BlackFideId "4138716"]
[WhiteElo "2574"]
[BlackElo "2469"]
[Result "1-0"]
[Round "09"]
[TimeControl "180+2"]
[Date "2023.04.18"]
[WhiteClock "0:01:31"]
[BlackClock "0:00:07"]

1. d4 Nf6 2. Nf3 d5 3. c4 e6 4. Nc3 c6 5. Bg5 Be7 6. e3 Nbd7 7. Qc2 O-O 8. Rd1 h6 9. Bf4 a6 10. cxd5 cxd5 11. Bd3 b5 12. O-O Bb7 13. Rc1 Rc8 14. Qe2 Nh5 15. Be5 Nhf6 16. Bg3 Nh5 17. Nb1 Nxg3 18. hxg3 Qb6 19. Nbd2 b4 20. g4 a5 21. g3 Rxc1 22. Rxc1 Rc8 23. Rb1 Nf6 24. g5 hxg5 25. Nxg5 g6 26. Kg2 Ne8 27. Ndf3 Nd6 28. Rh1 Ne4 29. Nxf7 Kxf7 30. Ne5+ Kg7 31. Qg4 Ng5 32. f4 Ba6 33. Bxg6 Qb5 34. fxg5 Rh8 35. Qf3 1-0


[Site "https://www.chess.com"]

[Event "Titled Tuesday Blitz April 18 Early 2023"]
[White "Nakamura, Hikaru"]
[Black "Timofeev, Artyom"]
[WhiteFideId "2016192"]
[BlackFideId "4140419"]
[WhiteElo "2885"]
[BlackElo "2586"]
[Result "1/2-1/2"]
[Round "09"]
[TimeControl "180+2"]
[Date "2023.04.18"]
[WhiteClock "0:00:12"]
[BlackClock "0:00:25"]

1. Nf3 Nf6 2. b3 g6 3. Bb2 Bg7 4. d4 O-O 5. e3 d5 6. c4 c5 7. dxc5 Qa5+ 8. Nbd2 Bg4 9. cxd5 Nxd5 10. Bxg7 Kxg7 11. Bc4 Rd8 12. Qc2 Bxf3 13. gxf3 Nc6 14. a3 Qxc5 15. Qb2+ Nf6 16. b4 Qg5 17. h4 Qf5 18. f4 e5 19. fxe5 Nxe5 20. Be2 Rac8 21. Rc1 Nd3+ 22. Bxd3 Qxd3 23. Rh3 Kg8 24. Rf3 Ng4 25. e4 Rxc1+ 26. Qxc1 Qd4 27. Ke2 Ne5 28. Re3 Nd3 29. Qc2 Nf4+ 30. Kd1 Qa1+ 31. Qc1 Qa2 32. Qc2 Qa1+ 33. Qc1 Qa2 34. Qc2 Qa1+ 1/2-1/2


[Site "https://www.chess.com"]

[Event "Titled Tuesday Blitz April 18 Early 2023"]
[White "So, Wesley"]
[Black "Deac, Bogdan-Daniel"]
[WhiteFideId "5202213"]
[BlackFideId "1226380"]
[WhiteElo "2749"]
[BlackElo "2649"]
[Result "1/2-1/2"]
[Round "09"]
[TimeControl "180+2"]
[Date "2023.04.18"]
[WhiteClock "0:00:08"]
[BlackClock "0:00:06"]

1. Nf3 d5 2. e3 Nf6 3. c4 e6 4. Nc3 a6 5. b3 c5 6. cxd5 exd5 7. d4 Nc6 8. Bb2 Bg4 9. Be2 Bxf3 10. Bxf3 cxd4 11. exd4 Bb4 12. O-O O-O 13. a3 Bxc3 14. Bxc3 Re8 15. Rc1 Qb6 16. Ba1 Na5 17. Rc3 Rac8 18. Rd3 Qc7 19. Bc3 Qb6 20. Bb4 Nc6 21. Bc5 Qa5 22. g3 Ne4 23. Bxe4 Rxe4 24. Qh5 Qd8 25. Qf5 g6 26. Qh3 f5 27. a4 Qa5 28. Rfd1 Rce8 29. Qh6 Re2 30. Bd6 Qd8 31. Be5 Nxe5 32. dxe5 Qb6 33. Qf4 R2xe5 34. Kg2 Re4 35. Qg5 d4 36. h4 Qc6 37. Kh3 Re1 38. Rxe1 Rxe1 39. f3 Rh1+ 40. Kg2 Re1 41. Qd8+ Kf7 42. Qxd4 Qc2+ 43. Rd2 Re2+ 44. Rxe2 Qxe2+ 45. Kh3 Qxf3 46. Qd7+ Kf6 47. Qd6+ Kf7 48. Qd7+ Kf8 49. Qd8+ Kf7 50. Qd7+ 1/2-1/2


[Site "https://www.chess.com"]

[Event "Titled Tuesday Blitz April 18 Early 2023"]
[White "Lazavik, Denis"]
[Black "Terry, Renato"]
[WhiteFideId "13515110"]
[BlackFideId "3803457"]
[WhiteElo "2560"]
[BlackElo "2575"]
[Result "0-1"]
[Round "09"]
[TimeControl "180+2"]
[Date "2023.04.18"]
[WhiteClock "0:00:02"]
[BlackClock "0:00:37"]

1. d4 d5 2. c4 dxc4 3. Nf3 Nf6 4. e3 e6 5. Bxc4 a6 6. O-O c5 7. Nbd2 Nc6 8. dxc5 Bxc5 9. a3 O-O 10. b4 Bd6 11. Qc2 Qe7 12. Bb2 e5 13. Rfd1 Bg4 14. Ne4 Bf5 15. Bd3 Nxe4 16. Bxe4 Bxe4 17. Qxe4 Rad8 18. g4 f6 19. h4 Qe6 20. Qd5 Qxd5 21. Rxd5 Be7 22. Rad1 Rxd5 23. Rxd5 Rd8 24. Rxd8+ Bxd8 25. Kf1 Kf7 26. Ke2 Ke6 27. Kd3 g6 28. Kc4 Be7 29. Nd2 f5 30. g5 e4 31. Kc3 b5 32. Kc2 Kd5 33. Nb1 Bd6 34. Nc3+ Kc4 35. Ne2 Bh2 36. Bf6 Bd6 37. Bb2 Na7 38. Nd4 Kd5 39. Ne2 Nc8 40. Nc3+ Kc6 41. Ne2 Nb6 42. Nd4+ Kd5 43. Ne2 Nc4 44. Bc1 Be5 45. Kb3 Bd6 46. Kc2 Ne5 47. Nd4 Nd3 48. f3 Ne1+ 49. Kd1 Nxf3 0-1


[Site "https://www.chess.com"]